 Dungeon Crawl Stone Soup version 0.30-a0-39-g42789b21ef (webtiles) character file.

Game seed: 9949504593016839124

41 nono the Trooper (level 3, 0/31 HPs)
             Began as a Palentonga Fighter on Aug 28, 2022.
             Slain by a gnoll
             ... wielding a +0 halberd
              (6 damage)
             ... on level 2 of the Dungeon.
             The game lasted 00:02:43 (1756 turns).

nono the Trooper (Palentonga Fighter)               Turns: 1756, Time: 00:02:44

Health: 0/31       AC:  6    Str: 23    XL:     3   Next: 32%
Magic:  3/3        EV:  7    Int:  8    God:
Gold:   70         SH:  4    Dex:  9    Spells: 2/2 levels left

rFire   . . .      SeeInvis +    a - +0 flail
rCold   . . .      Faith    .    c - +0 buckler
rNeg    . . .      Spirit   .    b - +0 scale mail
rPois   .          Reflect  .    (no helmet)
rElec   .          Harm     .    (no cloak)
rCorr   .          Rampage  .    (no gloves)
Will    .....                    (no barding)
Stlth   ..........               (no amulet)
HPRegen 0.10/turn                (no ring)
MPRegen 0.08/turn                (no ring)

@: no status effects
A: large, rugged brown scales 3, see invisible, deformed body, roll 1, armoured
tail
a: Rolling Charge


You were on level 2 of the Dungeon.
You visited 1 branch of the dungeon, and saw 2 of its levels.

You collected 70 gold pieces.

Inventory:

Hand Weapons
 a - a +0 flail (weapon)
Missiles
 m - a throwing net
Armour
 b - a +0 scale mail (worn)
 c - a +0 buckler (worn)
Scrolls
 e - 2 scrolls of vulnerability {unknown}
 g - a scroll of acquirement {unknown}
 h - a scroll of enchant armour {unknown}
 j - a scroll of poison {unknown}
 n - a scroll of fear {unknown}
Potions
 d - 4 potions of might
 f - a potion of cancellation {unknown}
 i - a potion of flight {unknown}
 k - a potion of attraction {unknown}
 l - a potion of magic {unknown}
 o - a potion of curing {unknown}


   Skills:
 + Level 3.4 Fighting
 + Level 2.5 Maces & Flails
 + Level 2.7 Armour
 + Level 3.1 Shields


You had 2 spell levels left.
You didn't know any spells.
Your spell library was empty.

Dungeon Overview and Level Annotations

Branches:
Dungeon (2/15)

Altars:


Innate Abilities, Weirdness & Mutations

You are completely covered in rugged brown scales. (AC +3, +7% HP)
You have supernaturally acute eyesight. (SInv)
Armour fits poorly on your strangely shaped body.
You can roll at nearby foes to attack.
You have a long armoured tail.


Message History

No target in view!
No target in view!
Found a stone staircase leading up.
You open the door.
There is an open door here.
There is a stone staircase leading up here.
There is a stone staircase leading down here.
An endoplasm and a gnoll come into view.
The endoplasm quivers.
The gnoll shouts!
You hear a shout!
The endoplasm freezes you.
You are frozen.
You hit the endoplasm.
The endoplasm is moderately wounded.
The endoplasm hits you but does no damage.
A gnoll comes into view. It is wielding a +0 halberd.
The gnoll hits you from afar with a +0 halberd!
You barely miss the endoplasm.
The endoplasm is moderately wounded.
The endoplasm freezes you.
You are frozen.
The gnoll hits you from afar with a +0 halberd!
* * * LOW HITPOINT WARNING * * *
You are too injured to fight recklessly!
You are too injured to fight recklessly!
The endoplasm attacks as you move away! The endoplasm barely misses you.
The endoplasm attacks as you move away!
The endoplasm hits you but does no damage.
The endoplasm attacks as you move away! The endoplasm barely misses you.
The endoplasm attacks as you move away! The endoplasm barely misses you.
The endoplasm attacks as you move away!
The endoplasm hits you but does no damage.
The endoplasm attacks as you move away!
The endoplasm hits you but does no damage.
The endoplasm attacks as you move away! The endoplasm hits you.
* * * LOW HITPOINT WARNING * * *
There is a stone staircase leading up here.
The endoplasm barely misses you.
The gnoll hits you from afar with a +0 halberd.
You die...

......†..# #.#...##.....g........
..†###.#.###.#...###g#####.###+##
.......#.....#...+.......).....##
...###.#######...###.#.#.#.######
...# #.......#...÷##g#.#.#.# #
...# ####..#.#..#....#.#..># .
...# #.##..#.#..#.g###.....# #
...# #...).#.#..#J...####### #
...# #.###.#....@.##.# ##.# #
#.###.#..##.# .. #.....#..##.#
### ###########.. ###


You could see 2 gnolls and an endoplasm.

Vanquished Creatures
  A worm (D:2)
  2 dart slugs (D:1)
  2 bats (D:1)
  2 endoplasms (D:1)
  2 giant cockroaches (D:1)
  3 goblins (D:1)
  4 hobgoblins
  A quokka (D:1)
  3 ball pythons
  A frilled lizard (D:2)
  5 kobolds
  4 rats
30 creatures vanquished.

Notes
Turn   | Place    | Note
-------+----------+-------------------------------------------
     0 | D:1      | nono the Palentonga Fighter began the quest for the Orb.
     0 | D:1      | Reached XP level 1. HP: 19/19 MP: 1/1
    76 | D:1      | Upgraded the game from 0.30-a0-34-gbe8da3892a to
                  | 0.30-a0-39-g42789b21ef
   240 | D:1      | Reached XP level 2. HP: 19/25 MP: 2/2
  1029 | D:1      | Found a faded altar of an unknown god.
  1159 | D:1      | Reached XP level 3. HP: 31/31 MP: 3/3
  1756 | D:2      | Slain by a gnoll

Illustrated notes

Levels and vault maps discovered:
D:1:      shiori_shiawase, layout_loops_ring, shapermc_ecumenical_altar_ellora
D:2:      layout_basic

Skill      XL: |  1  2 |
---------------+-------+-----
Shields        | 3 |  3.1
Fighting       | |  3.4
Maces & Flails | |  2.5
Armour         | |  2.7

Action                   || total
-------------------------++-------
Melee: Flail             ||   105
       Tailslap          ||    15
Armor: Scale mail        ||    48
Dodge: Dodged            ||    40
Block: Buckler           ||    28

Table legend: (Time is in decaauts)
 A = Elapsed time spent in this place.
 B = Non-inter-level travel time spent in this place.
 C = Inter-level travel time spent in this place.
 D = Time resting spent in this place.
 E = Time spent auto-exploring this place.
 F = Levels seen in this place.
 G = Mean time per level.
                   A        B        C        D        E       F      G
               +--------+--------+--------+--------+--------+-----+--------+
         Total |   1791 |   1775 |     16 |      0 |   1462 |   2 |  895.5 |
       Dungeon |   1791 |   1775 |     16 |      0 |   1462 |   2 |  895.5 |
               +--------+--------+--------+--------+--------+-----+--------+

Top non-repeatable levels by time:
     D:1: 1250 daAuts
     D:2: 541 daAuts
